 Dungeon Crawl Stone Soup version 0.31-a0-675-g238779eb0a (webtiles) character file.

Game seed: 16506940009963149120

48 qw the Shooter (level 3, -1/22 HPs)
             Began as a Gargoyle Hunter on Sept 5, 2023.
             Slain by a goblin
             ... wielding a +0 club
             ... led by Robin
              (2 damage)
             ... on level 1 of the Dungeon.
             The game lasted 00:00:25 (988 turns).

qw the Shooter (Gargoyle Hunter)                     Turns: 988, Time: 00:00:25

Health: -1/22      AC:  8    Str: 14    XL:     3   Next: 72%
Magic:  3/3        EV: 11    Int:  9    God:
Gold:   81         SH:  0    Dex: 15    Spells: 2/2 levels left

rFire   . . .        Y - +0 shortbow
rCold   . . .        (shield currently unavailable)
rNeg    + . .        f - +0 ring mail
rPois   inf          (no helmet)
rElec   +            (no cloak)
rCorr   .            (no gloves)
SInv    .            (no boots)
Will    .....        (no amulet)
Stlth   +            (no ring)
HPRegen 0.23/turn    (no ring)
MPRegen 0.08/turn

%: no passive effects
@: no status effects
A: sickness immunity, AC +3, negative energy resistance 1, electricity
resistance, torment resistance 1, petrification resistance
a: no special abilities


You were on level 1 of the Dungeon.
You visited 1 branch of the dungeon, and saw 2 of its levels.

You collected 81 gold pieces.


Innate Abilities, Weirdness & Mutations

You are immune to sickness and miasma.
Your stone body is resilient. (AC +3)
You are immune to poison.
You resist negative energy. (rN+)
You are resistant to electric shocks. (rElec)
You are resistant to unholy torment.
You are immune to petrification.


   Skills:
 + Level 2.4 Fighting
 - Level 5.0 Ranged Weapons
 - Level 1.3 Armour
 - Level 1.5 Dodging
 - Level 1.1 Stealth


You had 2 spell levels left.
You didn't know any spells.
Your spell library was empty.

Inventory:

Hand Weapons
 Y - a +0 shortbow (weapon)
Armour
 f - a +0 ring mail (worn)
Scrolls
 g - a scroll of identify
Potions
 e - a potion of enlightenment {unknown}
 i - a potion of haste {unknown}

Dungeon Overview and Level Annotations

Branches:
Dungeon (2/15)

Altars:

Annotations:
D:2 Robin


Message History

You kill the goblin!
The goblin barely misses you.
You shoot an arrow. The arrow closely misses the goblin.
The goblin closely misses you.
You shoot an arrow. The arrow hits the goblin.
You kill the goblin!
You start resting.
HP restored.
Items here: %% )).
Done exploring.
What level of the Dungeon? (default 2, ? - help)
There is a stone staircase leading down here.
You climb downwards.
Level annotation: Robin The quokka bites you.
The goblin hits you but does no damage. The hobgoblin closely misses you.
There is a stone staircase leading up here.
983 ||| STAIRDANCE The goblin shouts!
The quokka bites you but does no damage.
The goblin hits you but does no damage. The hobgoblin misses you.
The quokka bites you.
You climb upwards.
There is a stone staircase leading down here.
You shoot an arrow. The arrow barely misses the hobgoblin.
The hobgoblin hits you. The goblin barely misses you.
The quokka closely misses you.
You shoot an arrow. The arrow barely misses the hobgoblin.
The quokka barely misses you. The hobgoblin hits you.
The goblin closely misses you. The quokka bites you. The hobgoblin misses you.
The goblin hits you with a +0 club.
You shoot an arrow. The arrow closely misses the hobgoblin.
The quokka bites you.
The hobgoblin hits you but does no damage.
The goblin barely misses you.
You shoot an arrow.
The arrow hits the hobgoblin but does no damage.
The quokka bites you. The hobgoblin hits you.
The goblin hits you with a +0 club.
You die...

....###.#..................#
....# #........#.....).##..#####
....####.......##########......#
###......###.############.)....#
#........#...................#
#......#..########.#.###.....#
#......##..######..#.# #.....#
#......###...##g..##.# #.....#
#......# ###.r@g####.###.....#
#......# ###)## #..........#
#......# #.# #.......####
######## #.# #.......# #.#
##.###### ########## #.# #.#
#........# #.# #.#
#####.######.# #.# #.#
..........##.# #.# #.#


You could see a quokka, a hobgoblin and a goblin.

Vanquished Creatures
  An adder (D:1)
  A dart slug (D:1)
  4 endoplasms (D:1)
  2 giant cockroaches (D:1)
  3 hobgoblins (D:1)
  2 kobolds (D:1)
  A quokka (D:1)
  6 ball pythons (D:1)
  4 bats (D:1)
  8 goblins (D:1)
  3 rats (D:1)
35 creatures vanquished.

Notes
Turn   | Place    | Note
-------+----------+-------------------------------------------
     0 | D:1      | qw the Gargoyle Hunter began the quest for the Orb.
     0 | D:1      | Reached XP level 1. HP: 12/12 MP: 1/1
     0 | D:1      | 0 ||| qw: Version: 0.3-a-75-gb5c8c4b
     0 | D:1      | 0 ||| qw: Game counter: 19
     0 | D:1      | 0 ||| qw: Melee chars always use a shield: true
     0 | D:1      | 0 ||| qw: God list: Okawaru
     0 | D:1      | 0 ||| qw: Allow faded altars: false
     0 | D:1      | 0 ||| qw: Do Orc after clearing Dungeon:15 true
     0 | D:1      | 0 ||| qw: Do second Lair branch before Depths: true
     0 | D:1      | 0 ||| qw: Lair rune preference: random
     0 | D:1      | 0 ||| qw: Goals: Normal
     0 | D:1      | 0 ||| PLANNING D:1-11
   160 | D:1      | Reached XP level 2. HP: 17/17 MP: 2/2
   420 | D:1      | Reached XP level 3. HP: 21/21 MP: 3/3
   525 | D:1      | Reached skill level 5 in Ranged Weapons
   787 | D:1      | 787 ||| UPGRADING to +0 ring mail.
   797 | D:1      | 797 ||| DROPPING +0 leather armour.
   798 | D:1      | 798 ||| READING scroll labelled TINOESIJILL.
   799 | D:1      | 799 ||| READING 2 scrolls labelled TEAFFE IRGHO.
   800 | D:1      | 800 ||| READING scroll labelled CAXIFA HUUDD.
   801 | D:1      | 801 ||| READING scroll labelled PUESIOPRE TECH.
   802 | D:1      | 802 ||| READING scroll labelled ALUSEF SAIRCH.
   803 | D:1      | 803 ||| DROPPING scroll of butterflies.
   833 | D:2      | Noticed Robin
   836 | D:2      | 836 ||| STAIRDANCE
   843 | D:2      | 843 ||| STAIRDANCE
   871 | D:2      | 871 ||| STAIRDANCE
   925 | D:2      | 925 ||| STAIRDANCE
   930 | D:1      | Reached skill level 1 in Armour
   983 | D:2      | 983 ||| STAIRDANCE
   988 | D:1      | HP: 4/22 [quokka (3)]
   988 | D:1      | HP: 1/22 [hobgoblin[Robin] (3)]
   988 | D:1      | Slain by a goblin

Levels and vault maps discovered:
D:1:      scummos_arrival_simple_fountains, layout_basic
D:2:      layout_rooms, serial_shops, shop, nicolae_square_shop,
          nicolae_eternal_life, interstate_on_off, minmay_statues_item,
          minivault_25, minivault_26, st_stairs_1, uniq_robin

Skill      XL: |  1  2  3 |
---------------+----------+-----
Ranged Weapons | 5 |  5.0
Armour         | 1 |  1.3
Fighting       | |  2.4
Dodging        | |  1.5
Stealth        | |  1.1

Action                     || total
---------------------------++-------
   Fire: Shortbow          ||    89
    Use: Scroll            ||     5
 Armour: Leather armour    ||     9
         Ring mail         ||    54
  Dodge: Dodged            ||    42

Table legend:
 A = Non-vault XP
 B = Vault XP
 C = Vault XP percentage of total XP
 D = Non-vault monster count
 E = Vault monster count
 F = Vault count percentage of total count
                 A         B        C        D         E       F
            +---------+---------+-------+---------+---------+-------
      Total |      46 |      23 |  33.3 |      28 |       7 |  20.0
            +---------+---------+-------+---------+---------+-------
        D:1 |      46 |      23 |  33.3 |      28 |       7 |  20.0
            +---------+---------+-------+---------+---------+-------
